AoeStats
← Kant be real

African Clearing

510379607Analyzed
4v4 RM · 14h ago on Sep 30, 2026· 27m 35s· 8 players
Game mode
Random Map
Map size
Large (8 player)
Population
200
Speed
Normal
Resources
Standard
Victory
Conquest
Starting age
Dark Age
Ending age
Imperial Age
RankedLock teamsTeams togetherTeam positionsShared explorationLock speedFull tech treeHidden civsTurbo modeCheats
Victory
Defeat
🇩🇪 Mapuche · Germany
1610
+12
🇦🇹 Lithuanians · Austria
1566
+13
🇦🇷 Japanese · Argentina
1561
+14
🇧🇪 Maya · Belgium
1473
+17
🇹🇼 Varangians · Taiwan
1540
-15
🇭🇰 Persians · Hong Kong SAR China
1522
-15
🇺🇸 Vietnamese · United States
1508
-14
🇨🇳 Mongols · China
1469
-12
Mis
5:05 Loom
13:04 Feudal Age
17:42 Castle Age
18:54 Gold Mining
18:57 Fletching
22:27 Double-Bit Axe
23:11 Bodkin Arrow
24:01 Padded Archer Armor
mochichi4
9:08 Loom
11:01 Feudal Age
11:59 Double-Bit Axe
12:15 Town Watch
13:05 Horse Collar
14:38 Forging
20:37 Wheelbarrow
20:25 Gold Mining
24:00 Castle Age
24:07 Bloodlines
肉肉小狗
11:41 Loom
13:27 Feudal Age
12:23 Loom
14:36 Double-Bit Axe
14:33 Horse Collar
19:21 Loom
22:35 Castle Age
120057903
8:54 Loom
12:37 Feudal Age
13:38 Town Watch
16:20 Castle Age
14:09 Double-Bit Axe
15:18 Stone Mining
17:34 Wheelbarrow
18:58 Bow Saw
Hympériius
4:42 Loom
13:48 Feudal Age
14:25 Double-Bit Axe
14:33 Gold Mining
17:57 Castle Age
16:20 Scale Mail Armor
18:01 Eagle Warrior
23:17 Arson
26:10 Squires
27:52 Forging
Kant be real
10:15 Loom
10:19 Loom
12:39 Feudal Age
16:25 Castle Age
14:33 Double-Bit Axe
15:09 Fletching
16:21 Gold Mining
16:37 Town Watch
17:02 Bodkin Arrow
18:07 Horse Collar
22:17 Padded Archer Armor
24:29 Ballistics
LL | ---Han---
8:12 Loom
11:26 Feudal Age
11:57 Double-Bit Axe
15:58 Fletching
17:19 Horse Collar
21:38 Castle Age
21:25 Gold Mining
21:16 Horse Collar
23:02 Bow Saw
25:19 Stone Mining
26:13 Scale Barding Armor
27:04 Wheelbarrow
26:14 Town Watch
LL | gummibaer
7:09 Loom
13:08 Feudal Age
14:15 Town Watch
17:16 Castle Age
16:40 Double-Bit Axe
17:44 Fletching
17:56 Padded Archer Armor
26:47 Bodkin Arrow
Connection lost

Rejoining the realm…

Still unreachable

The connection could not be restored.

Session expired

The server has moved on; the page needs a fresh start.